AoeStats
← 青山依旧在 几度夕阳红

Black Forest

507877396Analyzed
4v4 RM · 11d ago on Sep 20, 2026· 46m 25s· 8 players
Game mode
Random Map
Map size
Large (8 player)
Population
200
Speed
Normal
Resources
Standard
Victory
Conquest
Starting age
Dark Age
Ending age
Imperial Age
RankedLock teamsTeams togetherTeam positionsShared explorationLock speedFull tech treeHidden civsTurbo modeCheats
Victory
Defeat
🇹🇼 Portuguese · Taiwan
1092
+10
🇹🇼 Poles · Taiwan
1019
+13
1008
+13
🇨🇱 Mapuche · Chile
962
+15
🇹🇼 Persians · Taiwan
1029
-15
958
-13
🇨🇳 Goths · China
958
-13
🇹🇼 Celts · Taiwan
866
-10
zncyue
0:54 Loom
13:13 Feudal Age
17:07 Castle Age
15:15 Double-Bit Axe
15:21 Horse Collar
15:48 Gold Mining
16:25 Stone Mining
20:06 Wheelbarrow
21:59 Bow Saw
23:21 Heavy Plow
26:06 Gold Shaft Mining
32:09 Imperial Age
31:58 Hand Cart
31:29 Town Watch
34:05 Town Patrol
36:05 Hoardings
35:33 Capped Ram
37:40 Siege Ram
38:19 Onager
40:37 Ballistics
41:18 Chemistry
40:28 Fortified Wall
39:49 Pikeman
39:51 Man-at-Arms
40:17 Gambesons
44:31 Scale Mail Armor
44:41 Forging
44:37 Scale Barding Armor
44:33 Padded Archer Armor
44:23 Fletching
44:38 Elite Skirmisher
青山依旧在 几度夕阳红
11:14 Feudal Age
12:15 Loom
15:08 Castle Age
20:38 Double-Bit Axe
22:02 Horse Collar
24:57 Wheelbarrow
26:55 Bow Saw
26:52 Gold Mining
27:09 Heavy Plow
27:59 Forging
27:55 Scale Barding Armor
28:33 Gold Shaft Mining
27:51 Stone Mining
31:28 Imperial Age
29:22 Hand Cart
30:59 Iron Casting
30:45 Chain Barding Armor
30:26 Scale Mail Armor
30:17 Fletching
30:27 Padded Archer Armor
32:39 Conscription
33:26 Blast Furnace
34:19 Plate Barding Armor
34:12 Elite Boyar
36:07 Scale Mail Armor
36:28 Druzhina
38:05 Pikeman
38:45 Squires
42:23 Halberdier
44:03 Chain Mail Armor
44:16 Bloodlines
44:08 Husbandry
45:52 Plate Mail Armor
Hao
0:31 Loom
11:53 Feudal Age
16:26 Castle Age
15:05 Double-Bit Axe
18:55 Bow Saw
24:35 Gold Mining
26:22 Stone Mining
27:41 Gold Shaft Mining
27:48 Wheelbarrow
27:33 Horse Collar
30:18 Hand Cart
30:38 Hand Cart
33:37 Imperial Age
34:17 Town Watch
35:52 Two-Man Saw
35:54 Stone Shaft Mining
36:49 Heavy Plow
38:28 Chemistry
39:49 Conscription
胜天半子
2:10 Loom
12:13 Feudal Age
17:37 Castle Age
15:47 Double-Bit Axe
21:56 Horse Collar
25:54 Wheelbarrow
25:45 Gold Mining
28:17 Heavy Plow
28:29 Bow Saw
30:35 Hand Cart
34:31 Imperial Age
32:57 Forging
33:10 Stone Mining
34:19 Anarchy
34:25 Scale Mail Armor
35:00 Iron Casting
35:17 Squires
35:27 Perfusion
36:51 Chemistry
37:04 Chain Mail Armor
36:51 Town Watch
38:10 Blast Furnace
38:26 Town Patrol
37:51 Pikeman
39:00 Scale Barding Armor
38:32 Halberdier
先天下之樂而樂
1:21 Loom
13:06 Feudal Age
18:01 Castle Age
16:25 Horse Collar
17:08 Double-Bit Axe
25:32 Wheelbarrow
25:27 Bow Saw
25:42 Heavy Plow
30:22 Imperial Age
28:04 Scale Mail Armor
28:15 Forging
28:06 Arson
28:39 Gold Mining
29:02 Squires
30:22 Chain Mail Armor
30:54 Hand Cart
31:43 Conscription
31:01 Pikeman
32:47 Gold Shaft Mining
33:15 Halberdier
35:20 Iron Casting
38:11 Two-Man Saw
38:36 Crop Rotation
39:49 Plate Mail Armor
40:56 Ballistics
41:36 Chemistry
Zain
0:27 Loom
12:05 Feudal Age
16:01 Castle Age
14:44 Double-Bit Axe
15:08 Horse Collar
17:23 Heavy Plow
19:44 Bow Saw
24:19 Wheelbarrow
24:59 Scale Barding Armor
25:05 Forging
26:26 Scale Mail Armor
28:29 Hand Cart
36:12 Imperial Age
34:41 Szlachta Privileges
35:24 Gold Mining
35:28 Stone Mining
37:43 Lechitic Legacy
37:44 Conscription
38:07 Hoardings
37:36 Light Cavalry
38:27 Bloodlines
38:18 Husbandry
38:42 Chain Barding Armor
38:57 Iron Casting
38:45 Winged Hussar
41:11 Blast Furnace
41:03 Cavalier
Ayax
12:38 Feudal Age
13:13 Double-Bit Axe
13:08 Horse Collar
14:31 Wheelbarrow
15:09 Loom
17:58 Castle Age
18:59 Bow Saw
18:52 Heavy Plow
22:39 Town Watch
22:44 Treadmill Crane
22:53 Elite Skirmisher
23:33 Gold Mining
23:54 Stone Mining
25:37 Ballistics
26:37 Caravan
28:37 Gold Shaft Mining
28:47 Stone Shaft Mining
29:16 Hand Cart
29:06 Pikeman
32:59 Imperial Age
31:01 Masonry
30:47 Murder Holes
31:00 Scale Mail Armor
30:53 Fletching
31:06 Padded Archer Armor
31:26 Forging
32:11 Town Patrol
33:05 Chain Mail Armor
33:05 Leather Archer Armor
32:46 Bodkin Arrow
34:12 Crop Rotation
33:14 Halberdier
34:20 Siege Engineers
34:43 Butalmapu
34:59 Conscription
34:56 Malon
35:41 Ring Archer Armor
34:38 Champi Runner
37:08 Chemistry
36:55 Arson
38:07 Iron Casting
38:03 Plate Mail Armor
39:36 Blast Furnace
39:21 Bombard Tower
39:32 Architecture
39:02 Elite Bolas Rider
39:10 Champi Warrior
mj871231
0:35 Loom
14:06 Feudal Age
18:00 Castle Age
23:53 Imperial Age
21:53 Gold Mining
22:42 Treadmill Crane
23:18 Double-Bit Axe
26:21 Chemistry
27:27 Wheelbarrow
28:29 Padded Archer Armor
29:16 Stone Mining
31:52 Ballistics
34:42 Leather Archer Armor
34:40 Masonry
36:07 Siege Engineers
36:52 Bow Saw
36:48 Arquebus
37:10 Conscription
37:59 Scale Mail Armor
38:10 Forging
38:44 Bombard Tower
39:45 Masonry
39:27 Fletching
40:09 Ring Archer Armor
41:09 Pikeman
43:30 Bodkin Arrow
44:11 Architecture
46:41 Murder Holes
46:47 Bracer
Connection lost

Rejoining the realm…

Still unreachable

The connection could not be restored.

Session expired

The server has moved on; the page needs a fresh start.